 Dungeon Crawl Stone Soup version 0.28.0-45-g0d030f2227 (webtiles) character file.

Game seed: 213765898082240250

144 seaoflcl the Slasher (level 5, -6/41 HPs)
             Began as a Human Fighter on Apr 10, 2022.
             Killed by divine providence
             ... invoked by an orc priest
              (15 damage)
             ... on level 3 of the Dungeon.
             The game lasted 00:07:43 (2067 turns).

seaoflcl the Slasher (Human Fighter)                Turns: 2067, Time: 00:07:45

Health: -6/41      AC:  7    Str: 24    XL:     5   Next: 51%
Magic:  5/5        EV:  9    Int:  8    God:
Gold:   59         SH:  5    Dex: 13    Spells: 4/4 levels left

rFire   . . .      SeeInvis .   a - +0 long sword
rCold   . . .      Faith    .   c - +0 buckler
rNeg    + . .      Spirit   .   b - +0 scale mail
rPois   .          Reflect  .   (no helmet)
rElec   .          Harm     .   (no cloak)
rCorr   .          Rampage  .   (no gloves)
Will    .....                   (no boots)
Stlth   ..........              o - amulet of regeneration
HPRegen 0.93/turn               f - ring of positive energy
MPRegen 0.09/turn               n - +6 ring of strength

@: lethally poisoned (-6 -> -7)
A: no striking features
a: no special abilities


You were on level 3 of the Dungeon.
You visited 1 branch of the dungeon, and saw 3 of its levels.

You collected 59 gold pieces.

Inventory:

Hand Weapons
 a - a +0 long sword (weapon)
 s - a +1 spear of pain
Armour
 b - a +0 scale mail (worn)
 c - a +0 buckler (worn)
Jewellery
 f - a ring of positive energy (left hand)
 n - a +6 ring of strength (right hand)
 o - an amulet of regeneration (around neck)
Scrolls
 g - a scroll of fear {unknown}
 h - a scroll of silence {unknown}
 l - a scroll of magic mapping {unknown}
 m - a scroll of identify {unknown}
 p - a scroll of teleportation {unknown}
 q - a scroll of amnesia {unknown}
 t - a scroll of enchant weapon {unknown}
Potions
 d - 2 potions of might
 e - 2 potions of haste {unknown}
 i - a potion of mutation {unknown}
 j - 2 potions of lignification {unknown}
 k - a potion of cancellation {unknown}
 r - a potion of flight {unknown}


   Skills:
 + Level 3.5 Fighting
 + Level 3.8 Long Blades
 + Level 3.7 Armour
 + Level 0.8 Dodging
 + Level 3.4 Shields


You had 4 spell levels left.
You didn't know any spells.
Your spell library contained the following spells:

 Spells                   Type           Power      Damage    Failure   Level
 Summon Small Mammal      Summ           0%         N/A       80%         1
 Call Canine Familiar     Summ           0%         N/A       99%         3
 Summon Guardian Golem    Hex/Summ       0%         N/A       99%         3
 Tukima's Dance           Hex            0%         N/A       99%         3
 Passage of Golubria      Tloc           0%         N/A       100%        4
 Yara's Violent Unravell  Hex/Tmut       0%         3d3       100%        5


Dungeon Overview and Level Annotations

Branches:
Dungeon (3/15)

Altars:

Shops:
D:1 =   D:2 [


Message History

You hear some strange, mumbled words.
Something tries to affect you, but you resist.
A magic dart appears from out of thin air!
The magic dart hits you.
The orc throws a stone.
You block the stone.
A puff of flame appears from out of thin air!
The puff of flame hits you.
An orc wizard appears from thin air!
Reactivating autopickup.
The orc wizard points at you and mumbles some strange words.
You resist with some effort. The orc wizard casts a spell at you.
The magic dart hits you. The endoplasm freezes you.
You are frozen.
You hit the endoplasm.
The endoplasm is severely wounded.
The orc priest calls down the wrath of Beogh upon you.
Beogh smites you! The endoplasm freezes you.
You are frozen.
The orc wizard completely misses you.
You slash the orc wizard!
You kill the orc wizard!
The endoplasm barely misses you. The orc hits you but does no damage.
You slash the endoplasm!
You kill the endoplasm!
The adder bites you but does no damage. You block the orc's attack.
The adder bites you but does no damage.
You completely miss the adder.
The orc hits you from afar with a +0 trident.
The adder bites you.
You are poisoned.
The adder poisons you!
You barely miss the adder.
You feel sick. The adder bites you.
The orc hits you from afar with a +0 trident.
* * * LOW HITPOINT WARNING * * *
The adder bites you but does no damage.
The orc priest invokes the aid of Beogh against you.
Beogh smites you!
You die...

#############
#....<......#
#.S@.........
#.o########.#
#.o# #..#
#..# #..#
#########..#
#o.Jo......#
#S########.#


You could see an orc priest, an adder and an orc.

Vanquished Creatures
  An orc wizard (D:3)
  3 gnolls (D:2)
  2 adders (D:2)
  2 dart slugs
  6 bats
  An endoplasm (D:3)
  3 giant cockroaches
  8 goblins
  8 hobgoblins
  2 jackals (D:1)
  8 kobolds
  3 quokkas
  6 ball pythons
  2 frilled lizards
  11 rats
66 creatures vanquished.

Vanquished Creatures (others)
  7 plants (D:2)
7 creatures vanquished.

Grand Total: 73 creatures vanquished

Notes
Turn   | Place    | Note
-------+----------+-------------------------------------------
     0 | D:1      | seaoflcl the Human Fighter began the quest for the Orb.
     0 | D:1      | Reached XP level 1. HP: 18/18 MP: 1/1
   171 | D:1      | Reached XP level 2. HP: 16/24 MP: 2/2
   399 | D:1      | Found Wesewn's One-of-a-Kind Rings.
   439 | D:1      | Reached XP level 3. HP: 29/29 MP: 3/3
   987 | D:2      | Reached XP level 4. HP: 30/35 MP: 4/4
   988 | D:2      | Found a faded altar of an unknown god.
  1165 | D:2      | Found Kete's Armour Emporium.
  1498 | D:2      | Reached XP level 5. HP: 16/41 MP: 5/5
  2067 | D:3      | Killed from afar by an orc priest

Illustrated notes

Levels and vault maps discovered:
D:1:      onia_arrival_handbag, layout_loops_ring, nicolae_shop_unique_rings
D:2:      layout_loops_ring, serial_shops, nicolae_square_shop,
          shapermc_ecumenical_altar_notcrosses, serial_bayou_lagoon_a,
          roderic_serpentine_path, grunt_decor_one_mirror
D:3:      layout_loops_ring, uniq_natasha

Skill      XL: |  1  2  3  4 |
---------------+-------------+-----
Long Blades    | 3 |  3.8
Fighting       | |  3.5
Armour         | |  3.7
Dodging        | |  0.8
Shields        | |  3.4

Action                   |  1- 3 |  4- 6 || total
-------------------------+-------+-------++-------
Melee: Long sword        |   107 |    92 ||   199
Armor: Scale mail        |    49 |    35 ||    84
Dodge: Dodged            |    60 |    40 ||   100
Block: Buckler           |    28 |    19 ||    47
